 Dungeon Crawl Stone Soup version 0.21.1-1-g345015f (webtiles) character file.

65 Goblin1989 the Insei (level 3, -1/26 HPs)
             Began as a Demonspawn Transmuter on Mar 2, 2018.
             Slain by a worker ant (5 damage)
             ... on level 2 of the Dungeon.
             The game lasted 00:03:40 (1814 turns).

Goblin1989 the Insei (Demonspawn Transmuter)        Turns: 1814, Time: 00:03:41

Health: -1/26      AC:  2    Str: 11    XL:     3   Next: 92%
Magic:  5/6        EV: 12    Int: 19    God:
Gold:   99         SH:  4    Dex: 13    Spells: 5/6 levels left

rFire    . . .     SeeInvis .     - Unarmed
rCold    . . .     Gourm    .   m - +0 buckler (curse)
rNeg     . . .     Faith    .   b - +0 robe
rPois    .         Spirit   .   (no helmet)
rElec    .         Reflect  .   (no cloak)
rCorr    .         Harm     .   (no gloves)
MR       .....                  (no boots)
Stlth    +.........             (no amulet)
HPRegen  0.08/turn              (no ring)
MPRegen  0.10/turn              (no ring)

@: brilliant, lethally poisoned (-1 -> -7), very slightly contaminated
A: powered by death 1, rot immunity
a: no special abilities


You were on level 2 of the Dungeon.
You were not hungry.

You visited 1 branch of the dungeon, and saw 2 of its levels.

You collected 99 gold pieces.

Inventory:

Missiles
 a - 12 arrows
 f - 191 stones (quivered)
 q - 69 bolts
 w - 8 curare-tipped needles
Armour
 b - a +0 robe (worn)
 m - a cursed +0 buckler (worn)
 n - a +0 ring mail
Jewellery
 g - an uncursed ring of fire
Scrolls
 i - a scroll of blinking {unknown}
 j - 2 scrolls of remove curse {unknown}
 l - 2 scrolls of teleportation {unknown}
 p - 2 scrolls of identify {unknown}
 x - a scroll of noise {unknown}
Potions
 k - a potion of curing {unknown}
 r - a potion of magic {unknown}
 s - a potion of berserk rage {unknown}
 t - a potion of agility {unknown}
 v - a potion of brilliance
Books
 c - a book of Changes

   Spells                             Type                      Level
   a - Beastly Appendage              Transmutation                1
   b - Sticks to Snakes               Transmutation                2
   c - Spider Form                    Transmutation/Poison         3
   d - Ice Form                       Ice/Transmutation            4
   e - Blade Hands                    Transmutation                5
Comestibles
 e - 4 rations
 u - 8 chunks of flesh


   Skills:
 - Level 1.0 Fighting
 - Level 1.7 Dodging
 + Level 1.7 Shields
 + Level 3.9 Unarmed Combat
 - Level 2.0 Spellcasting
 - Level 1.7 Transmutations


You had 5 spell levels left.
You knew the following spells:

 Your Spells              Type           Power        Failure   Level  Hunger
a - Beastly Appendage     Tmut           ###...       1%          1    #......


Dungeon Overview and Level Annotations

Branches:
Dungeon (2/15)

Altars:


Innate Abilities, Weirdness & Mutations

You regenerate a little health from kills.
You are immune to rotting.


Message History

No target in view!
No target in view!
No target in view!
No target in view!
No target in view!
No target in view!
No target in view!
No target in view!
No target in view!
You see here a club.
f - 191 stones (gained 13) Health restored: 26
s - a smoky sapphire potion
Found an escape hatch in the floor.
l - 2 scrolls labeled PIBLAU ZONIOPT (gained 1)
A quokka comes into view.
A quokka is nearby!
You block the quokka's attack.
You hit the quokka.
The quokka is almost dead.
The quokka bites you.
You take 2 damage, and have 24/26 hp.
You hit the quokka.
You kill the quokka!
No target in view!
No target in view!
No target in view!
No target in view!
No target in view!
No target in view!
No target in view!
No target in view!
No target in view!
No target in view!
No target in view!
No target in view!
No target in view!
No target in view!
No target in view!
A worker ant comes into view.
The worker ant twitches its antennae in your direction.
The worker ant moves out of view.
You now have 99 gold pieces (gained 13).
Health restored: 26 A worker ant is nearby!
A worker ant is nearby!
You barely miss the worker ant. The worker ant bites you.
You take 4 damage, and have 22/26 hp.
You closely miss the worker ant. The worker ant misses you.
You barely miss the worker ant. The worker ant bites you.
You take 2 damage, and have 21/26 hp.
You hit the worker ant but do no damage.
The worker ant bites you!
You take 8 damage, and have 13/26 hp.
MASSIVE DAMAGE!!
You are too injured to fight recklessly!
You are too injured to fight recklessly!
You are too injured to fight recklessly!
You are too injured to fight recklessly!
You are too injured to fight recklessly!
You are too injured to fight recklessly!
You are too injured to fight recklessly!
You are too injured to fight recklessly!
You are too injured to fight recklessly!
You are too injured to fight recklessly!
You are too injured to fight recklessly!
You are too injured to fight recklessly!
You are too injured to fight recklessly!
You are too injured to fight recklessly!
You are too injured to fight recklessly!
You are too injured to fight recklessly!
You are too injured to fight recklessly!
You are too injured to fight recklessly!
You are too injured to fight recklessly!
You are too injured to fight recklessly!
You are too injured to fight recklessly!
You are too injured to fight recklessly!
You are too injured to fight recklessly!
You are too injured to fight recklessly!
You are too injured to fight recklessly!
You are too injured to fight recklessly!
You are too injured to fight recklessly!
The worker ant misses you.
Casting: Beastly Appendage
Confirm with . or Enter, or press ? or * to list all spells.
You miscast Beastly Appendage.
You are very lightly contaminated with residual magic.
You smell something strange.
The worker ant bites you!
* * * LOW HITPOINT WARNING * * *
You are lethally poisoned!
The worker ant poisons you!
You take 7 damage, and have 6/26 hp.
MASSIVE DAMAGE!!
You now have 5/6 mp.
You closely miss the worker ant.
* * * LOW HITPOINT WARNING * * *
You feel sick. The worker ant closely misses you.
You take 1 damage, and have 5/26 hp.
It was a potion of brilliance.
You feel clever all of a sudden.
* * * LOW HITPOINT WARNING * * *
You feel sick. The worker ant bites you.
You die... ███.....█........█ ███████

█████.█......█.. .......
█.P......P.█ .....[.
█.█.P....█.█ .......
█.P...)P.█.█ .......
█.█......█.█ ....?..
█..██▲▲█.█.█
.%.....█████████..........█
.........a@...............█
█..███████████████.██████(█
█.███....█ █.....████
█.█████ █.██ █.)██ █...█
█.█.█


You could see a worker ant.

Vanquished Creatures
  Jessica (D:2)
  An adder (D:2)
  An adder skeleton (D:2)
  A dart slug (D:2)
  A leopard gecko (D:2)
  2 goblins
  3 hobgoblins
  2 quokkas (D:2)
  3 bats (D:1)
  2 frilled lizards (D:1)
  8 kobolds
  2 rats (D:1)
27 creatures vanquished.

Notes
Turn   | Place    | Note
-------+----------+-------------------------------------------
     0 | D:1      | Goblin1989 the Demonspawn Transmuter began the quest for the Orb.
     0 | D:1      | Reached XP level 1. HP: 15/15 MP: 3/3
    86 | D:1      | Reached skill level 3 in Unarmed Combat
   673 | D:1      | Gained mutation: You are immune to rotting. [demonic ancestry]
   673 | D:1      | Reached XP level 2. HP: 20/21 MP: 5/5
  1474 | D:2      | Reached skill level 1 in Shields
  1474 | D:2      | Gained mutation: You regenerate a little health from kills. [demonic ancestry]
  1474 | D:2      | Reached XP level 3. HP: 17/26 MP: 4/6
  1602 | D:2      | Noticed Jessica
  1634 | D:2      | Killed Jessica
  1814 | D:2      | Slain by a worker ant

Skill      XL: |  1  2 |
---------------+-------+-----
Unarmed Combat | 3 |  3.9
Shields        | 1 |  1.7
Fighting       | |  1.0
Dodging        | |  1.7
Spellcasting   | |  2.0
Transmutations | |  1.7

Action                   || total
-------------------------++-------
Melee: Unarmed           ||   110
       Headbutt          ||     5
       Kick              ||     1
 Cast: Beastly Appendage ||     4
  Use: Potion            ||     1
 Stab: Sleeping          ||     1
  Eat: Chunk             ||     3
Armor: Robe              ||    19
Dodge: Dodged            ||    67
Block: Buckler           ||     7

Vault maps used:
D:1:      minmay_arrival_shattered_statue
D:2:      cheibrodos_old_hovel, uniq_jessica
